 Dungeon Crawl Stone Soup version 0.22.1-1-ga44c0e56f4 (webtiles) character file.

4980 Mjsee792 the Fighter (level 10, 0/97 HPs)
             Began as a Minotaur Berserker on Oct 14, 2018.
             Was a High Priest of Trog.
             Slain by a green death (13 damage)
             ... on level 1 of the Abyss.
             The game lasted 00:15:45 (7424 turns).

Mjsee792 the Fighter (Minotaur Berserker)           Turns: 7424, Time: 00:15:45

Health: 0/97       AC: 15    Str: 24    XL:     10   Next: 29%
Magic:  9/9        EV: 15    Int:  4    God:    Trog [*****.]
Gold:   194        SH:  0    Dex: 13    Spells: 9/9 levels left

rFire    + . .     SeeInvis .   J - +1 glaive
rCold    . . .     Gourm    .   (shield currently unavailable)
rNeg     . . .     Faith    +   s - +3 chain mail {rF+}
rPois    .         Spirit   .   (helmet restricted)
rElec    .         Reflect  .   (no cloak)
rCorr    .         Harm     .   (no gloves)
MR       ++...                  (no boots)
Stlth    ..........             r - amulet of faith
HPRegen  1.26/turn              a - +2 ring of strength
MPRegen  0.11/turn              E - +3 ring of evasion

@: lethally poisoned (0 -> -55), about to teleport, regenerating
A: retaliatory headbutt, horns 2
a: Berserk, Trog's Hand, Brothers in Arms, Renounce Religion


You were on level 1 of the Abyss.
You worshipped Trog.
Trog was extremely pleased with you.
You were hungry.

You visited 1 branch of the dungeon, and saw 9 of its levels.
You visited the Abyss 1 time.

You collected 362 gold pieces.
You spent 168 gold pieces at shops.

Inventory:

Hand Weapons
 J - a +1 glaive (weapon)
Missiles
 H - 6 poisoned javelins (quivered)
Armour
 s - a +3 chain mail of fire resistance (worn)
Jewellery
 a - a +2 ring of strength (left hand)
 b - an uncursed amulet of guardian spirit {unknown}
 f - an uncursed ring of poison resistance {unknown}
 i - an uncursed amulet of harm {unknown}
 r - an amulet of faith (around neck)
 D - an uncursed amulet of harm {unknown}
 E - a +3 ring of evasion (right hand)
Wands
 v - a wand of iceblast (9)
 z - a wand of flame (47)
Scrolls
 e - 4 scrolls of remove curse
 h - a scroll of enchant armour
 k - 4 scrolls of magic mapping
 m - a scroll of identify
 n - a scroll of immolation
 o - a scroll of blinking
 p - 3 scrolls of teleportation
 x - 2 scrolls of fear
Potions
 g - 9 potions of curing
 j - 4 potions of brilliance
 l - a potion of magic
 q - 2 potions of ambrosia
 t - 2 potions of cancellation
 w - a potion of berserk rage
 A - 2 potions of lignification
 B - a potion of heal wounds
 G - 2 potions of agility {unknown}
 K - a potion of resistance {unknown}
Comestibles
 c - 14 rations
 d - a chunk of flesh


   Skills:
 + Level 12.1 Fighting
 - Level 3.6 Polearms
 + Level 11.4 Armour
 + Level 7.6 Dodging


You had 9 spell levels left.
You didn't know any spells.
Your spell library was empty.

Dungeon Overview and Level Annotations

Branches:
Dungeon (9/15)             Temple (0/1) D:6
   Lair: D:8-11         Orc: D:9-12

Altars:
Fedhas
Hepliaklqana
Kikubaaqudgha
Nemelex Xobeh
Okawaru
Qazlal
Trog
Uskayaw
Vehumet
Wu Jian
Xom
Zin
The Shining One

Shops:
D:8 ?[[*(

Annotations:
D:9 Psyche


Innate Abilities, Weirdness & Mutations

You reflexively headbutt those who attack you in melee.
You have a pair of horns on your head.


Message History

You are lethally poisoned!
You feel very sick. The green death gestures at you.
The bolt of poison hits you!
You are more poisoned.
* * * LOW HITPOINT WARNING * * *
Press: ? - help, v - describe, . - travel The floor.
Press: ? - help, v - describe, . - travel
Here: a green death (poison gas, moderately wounded)
The floor.
Evoke which item? (* to show all) (? for menu, Esc to quit)
Okay, then.
Unknown command.
Unknown command.
You are feeling hungry.
* * * LOW HITPOINT WARNING * * *
You feel extremely sick. The green death hits you!
You die...

.#. ##. . .2.
§#...#.##.##.#..#
§## #.2..#.# # #
#.§.§ §#...# ### .
#§#§§§ #.##.###. .
#§#§§§..##. # ..
.... ##§##..####
... . #2##..###
... . .. ##@##.##
... .
###..#............
.## ... . # # . #
##.## # ###


You could see a green death.

Vanquished Creatures
  A two-headed ogre (D:8)
  A flying skull (Abyss:1)
  A spriggan (D:7)
  A hungry ghost (D:7)
  Duvessa (D:4)
  3 ice beasts
  2 orc warriors (D:8)
  2 black bears (D:8)
  5 sky beasts
  2 centaurs (D:7)
  3 ogres
  A crocodile (D:8)
  A big kobold (D:8)
  4 bullfrogs
  Dowan (D:4)
  5 scorpions
  4 killer bees
  7 wights
  A howler monkey (D:4)
  3 crimson imps (D:8)
  A quasit (D:5)
  2 hounds
  A jelly (D:8)
  4 orc priests
  8 orc wizards
  2 iguanas
  5 worker ants
  A hound zombie (D:9)
  A hound skeleton (D:9)
  A worker ant zombie (D:8)
  Robin (D:4)
  4 gnolls (D:3)
  9 adders
  5 shadow imps
  An ufetubus (Abyss:1)
  2 oozes
  4 worms
  2 leopard geckos
  23 orcs
  5 giant cockroaches
  11 goblins
  8 hobgoblins
  7 jackals
  15 kobolds
  2 quokkas
  2 ball pythons
  3 bats
  6 frilled lizards
  A jackal zombie (D:5)
  3 rats
189 creatures vanquished.

Vanquished Creatures (others)
  A howler monkey (D:7)
1 creature vanquished.

Grand Total: 190 creatures vanquished

Notes
Turn   | Place    | Note
-------+----------+-------------------------------------------
     0 | D:1      | Mjsee792 the Minotaur Berserker began the quest for the
                  | Orb.
     0 | D:1      | Reached XP level 1. HP: 19/19 MP: 0/0
    46 | D:1      | Reached skill level 4 in Fighting
    76 | D:1      | Reached XP level 2. HP: 27/27 MP: 1/1
   851 | D:2      | Reached XP level 3. HP: 24/34 MP: 2/2
  1199 | D:2      | Reached skill level 5 in Fighting
  1344 | D:2      | Reached ** piety under Trog
  1344 | D:2      | Reached XP level 4. HP: 23/42 MP: 3/3
  1549 | D:3      | Found a radiant altar of Vehumet.
  1661 | D:3      | Reached XP level 5. HP: 10/50 MP: 4/4
  1914 | D:3      | Found a blossoming altar of Fedhas.
  2026 | D:3      | Found a hide-covered altar of Uskayaw.
  2170 | D:4      | Reached skill level 6 in Fighting
  2393 | D:4      | Noticed Duvessa
  2393 | D:4      | Noticed Dowan
  2402 | D:4      | Killed Duvessa
  2402 | D:4      | Reached XP level 6. HP: 58/58 MP: 5/5
  2407 | D:4      | Killed Dowan
  2468 | D:4      | Reached skill level 7 in Fighting
  2496 | D:4      | Reached *** piety under Trog
  2602 | D:4      | Noticed Robin
  2609 | D:4      | Killed Robin
  3141 | D:5      | Entered Level 5 of the Dungeon
  3144 | D:5      | Noticed an ice beast
  3152 | D:5      | Killed an ice beast
  3152 | D:5      | Reached skill level 5 in Dodging
  3152 | D:5      | Reached XP level 7. HP: 57/67 MP: 6/6
  3189 | D:5      | Reached skill level 8 in Fighting
  3360 | D:5      | Found a stormy altar of Qazlal.
  3408 | D:5      | Reached **** piety under Trog
  4075 | D:6      | Found a glowing golden altar of the Shining One.
  4092 | D:6      | Found an ornate altar of the Wu Jian Council.
  4272 | D:6      | Found an iron altar of Okawaru.
  4278 | D:6      | Reached skill level 9 in Fighting
  4284 | D:6      | Reached skill level 5 in Armour
  4284 | D:6      | Reached XP level 8. HP: 36/78 MP: 7/7
  4288 | D:6      | Found a hazy altar of Hepliaklqana.
  4288 | D:6      | Found a sparkling altar of Nemelex Xobeh.
  4288 | D:6      | Found a bloodstained altar of Trog.
  4483 | D:6      | Found a glowing silver altar of Zin.
  4483 | D:6      | Found an ancient bone altar of Kikubaaqudgha.
  4571 | D:6      | Found a staircase to the Ecumenical Temple.
  4988 | D:7      | Reached skill level 10 in Fighting
  5147 | D:7      | Reached XP level 9. HP: 56/86 MP: 8/8
  5755 | D:8      | Found Kumin's Armour Shoppe.
  6008 | D:8      | Bought the cursed -5 robe of Misfortune {-Cast *Contam
                  | *Tele *Drain EV-5 Stlth-- *Curse} for 1 gold piece
  6008 | D:8      | Found the cursed -5 robe of Misfortune {-Cast *Contam *Tele
                  | *Drain EV-5 Stlth-- *Curse}
  6033 | D:8      | Reached skill level 11 in Fighting
  6337 | D:8      | Noticed a two-headed ogre
  6361 | D:8      | Killed a two-headed ogre
  6361 | D:8      | Reached skill level 10 in Armour
  6439 | D:8      | Received a gift from Trog
  6596 | D:8      | Found Kion's Antique Weapon Boutique.
  6633 | D:8      | Reached XP level 10. HP: 88/96 MP: 9/9
  6664 | D:8      | Reached ***** piety under Trog
  6669 | D:8      | Found a shimmering altar of Xom.
  6967 | D:8      | Found Foomykol's Magic Scroll Emporium.
  6972 | D:8      | Bought a scroll of identify for 22 gold pieces
  6972 | D:8      | Bought a scroll of magic mapping for 38 gold pieces
  6972 | D:8      | Bought a scroll of fear for 38 gold pieces
  6973 | D:8      | Found Habacria's Assorted Antiques.
  6973 | D:8      | Found Oclysih's Armour Shop.
  7006 | D:8      | Bought a pink potion for 23 gold pieces
  7006 | D:8      | Bought a smoky silvery potion for 23 gold pieces
  7006 | D:8      | Bought a smoky silvery potion for 23 gold pieces
  7241 | D:9      | Reached skill level 12 in Fighting
  7324 | D:9      | Noticed Psyche
  7326 | D:9      | Cast into level 1 of the Abyss (Psyche)
  7400 | Abyss:1  | Noticed a green death
  7411 | Abyss:1  | Found a corrupted altar of Lugonu.
  7424 | Abyss:1  | Slain by a green death

Skill      XL: |  1  2  3  4  5  6  7  8  9 10 |
---------------+-------------------------------+-----
Fighting       | 4 5 6 7 9 10 11 12 | 12.1
Armour         | 3 5 7 10 11 | 11.4
Dodging        | 3 4 5 6 7 |  7.6
Polearms       | |  3.6

Action                   |  1- 3 |  4- 6 |  7- 9 | 10-12 || total
-------------------------+-------+-------+-------+-------++-------
Melee: Spear             |    79 |    43 |       |       ||   122
       Headbutt          |    11 |    21 |    45 |    12 ||    89
       Halberd           |       |   104 |   302 |       ||   406
       Glaive            |       |       |       |    61 ||    61
Invok: Berserk           |       |     1 |     2 |       ||     3
       Trog's Hand       |       |       |       |     1 ||     1
       Brothers in Arms  |       |       |       |     1 ||     1
  Use: Scroll            |       |       |     1 |    19 ||    20
       Potion            |       |       |       |     2 ||     2
 Stab: Sleeping          |     1 |       |       |       ||     1
  Eat: Chunk             |     1 |     6 |     8 |     3 ||    18
       Ration            |       |       |     3 |       ||     3
Armor: Animal skin       |     7 |    10 |       |       ||    17
       Chain mail        |       |    47 |   129 |    34 ||   210
Dodge: Dodged            |    34 |    80 |   216 |    57 ||   387
